 Dungeon Crawl Stone Soup version 0.18-a0-775-g4d9e04e (webtiles) character file.

333 4thArraOfDagon the Poker (level 6, -1/57 HPs)
             Began as a Naga Chaos Knight on Dec 13, 2015.
             Was an Initiate of Cheibriados.
             Killed by divine providence
             ... invoked by an orc priest
              (14 damage)
             ... on level 5 of the Dungeon.
             The game lasted 00:06:18 (1278 turns).

4thArraOfDagon the Poker (Naga Chaos Knight)        Turns: 1278, Time: 00:06:19

Health: -1/57      AC:  6    Str: 15    XL:     6   Next: 53%
Magic:  7/7        EV:  4    Int: 14    God:    Cheibriados [......]
Gold:   102        SH:  0    Dex: 13    Spells: 0 memorised, 5 levels left

rFire  + . .     SeeInvis +     a - +0 spear (chaos)
rCold  . . .     Clarity  .     v - +0 chain mail
rNeg   + . .     SustAt   .     (no shield)
rPois  +         Gourm    .     (no helmet)
rElec  .         Spirit   .     (no cloak)
rCorr  .         Dismiss  .     (no gloves)
rMut   .         Stasis   .     (no barding)
MR     .....                    (no amulet)
Stlth  ..........               t - ring of positive energy
                                o - ring of protection from fire

@: very slow, not resistant to hostile enchantments, extremely unstealthy
A: see invisible, deformed body, poison resistance, slowness 2, slow metabolism
1, spit poison 2, AC +2
a: Spit Poison, Bend Time, Renounce Religion


You were on level 5 of the Dungeon.
You worshipped Cheibriados.
Cheibriados was noncommittal.
You were not hungry.

You visited 1 branch of the dungeon, and saw 5 of its levels.

You collected 102 gold pieces.

Inventory:

Hand Weapons
 a - a +0 spear of chaos (weapon)
Armour
 b - a +2 leather armour
 v - a +0 chain mail (worn)
Jewellery
 o - a ring of protection from fire (left hand)
 t - a ring of positive energy (right hand)
 y - an uncursed amulet of dismissal
Wands
 g - a wand of paralysis (2)
 s - a wand of lightning (6)
 w - a wand of paralysis (13)
 B - a wand of digging (15)
Scrolls
 d - 2 scrolls of blinking {unknown}
 e - 2 scrolls of recharging {unknown}
 h - 2 scrolls of enchant weapon {unknown}
 m - 3 scrolls of remove curse
 r - a scroll of amnesia {unknown}
 u - a scroll of silence {unknown}
 x - a scroll of magic mapping {unknown}
 z - a scroll of immolation {unknown}
Potions
 i - a potion of might {unknown}
 j - a potion of agility {unknown}
 k - a potion of lignification {unknown}
 n - a potion of heal wounds {unknown}
 p - a potion of haste {unknown}
 A - a potion of curing {unknown}
Comestibles
 c - a bread ration
 f - 2 meat rations
 q - a slice of pizza


   Skills:
 + Level 4.0 Fighting
 * Level 5.2 Polearms
 + Level 2.6 Armour
 - Level 0.7 Dodging
 + Level 1.4 Invocations
 + Level 2.0 Evocations


You had 5 spell levels left.
You didn't know any spells.

Dungeon Overview and Level Annotations

Branches:
Dungeon (5/15)
 Temple: D:4-7

Altars:
Cheibriados
Dithmenos
Kikubaaqudgha
Pakellas
Ru
Xom
Zin


Innate Abilities, Weirdness & Mutations

You cannot wear boots.
Your serpentine skin is tough (AC +2).
You have supernaturally acute eyesight.
Armour fits poorly on your strangely shaped body.
Your system is resistant to poisons.
You cover ground very slowly.
You have a slow metabolism.
You can spit poison.


Message History

You are too injured to fight recklessly!
You are too injured to fight recklessly!
You hit the centaur skeleton.
The centaur skeleton convulses.
The centaur skeleton hits you.
* * * LOW HITPOINT WARNING * * *
You hit the centaur skeleton.
The centaur skeleton seems to slow down.
The centaur skeleton hits you but does no damage. x2
Unknown command.
You hit the centaur skeleton. You burn the centaur skeleton.
The centaur skeleton completely misses you.
You hit the centaur skeleton.
You destroy the centaur skeleton!
Cheibriados thoroughly appreciates the change of pace.
Your Evocations skill increases to level 2!
An orc priest comes into view. It is wielding a falchion of slicing.
The orc priest shouts!
The orc priest invokes the aid of Beogh against you.
Something smites you!
You die...

# # # # # #########
############# #.......#
#.....#....##
#....$..###.....#....##
#.....@........<.......
o........###.....#....##
.........# #.....#######
.........# #####.# #
.........# ##.#######
...###.... #.......##
.?. #.... #......... ..
#o.... #.......##
#.......#


You could see an orc priest and an orc (wandering).

Vanquished Creatures
  A scorpion (D:5)
  2 crimson imps (D:5)
  2 hounds (D:5)
  2 centaur skeletons (D:5)
  2 worker ants
  2 adders (D:5)
  2 worms
  3 orcs (D:3)
  3 goblins
  4 hobgoblins
  3 kobolds (D:1)
  A quokka (D:4)
  A ball python (D:3)
  A bat (D:2)
  2 giant cockroaches
  A giant newt (D:2)
  3 rats
35 creatures vanquished.

Vanquished Creatures (others)
  An orc (D:4)
1 creature vanquished.

Grand Total: 36 creatures vanquished

Notes
Turn   | Place    | Note
--------------------------------------------------------------
     0 | D:1      | 4thArraOfDagon the Naga Chaos Knight began the quest for the Orb.
     0 | D:1      | Reached XP level 1. HP: 21/21 MP: 1/1
     0 | D:1      | :)
   126 | D:1      | XOM: butterfly on damage
   130 | D:1      | XOM: divination: magic mapping
   152 | D:1      | XOM: silly message
   207 | D:2      | Reached XP level 2. HP: 13/28 MP: 2/2
   379 | D:2      | Found a shimmering altar of Xom.
   386 | D:2      | Noticed an angel
   392 | D:2      | Found a glowing silver altar of Zin.
   484 | D:3      | Reached XP level 3. HP: 31/34 MP: 3/3
   706 | D:4      | XOM: divination: magic mapping
   719 | D:4      | XOM: god gift: scroll labeled ZOSEUT BEURAVU
   756 | D:4      | Found an oddly glowing altar of Pakellas.
   898 | D:3      | Found an ancient bone altar of Kikubaaqudgha.
   898 | D:3      | Found a sacrificial altar of Ru.
   901 | D:3      | Found a shadowy altar of Dithmenos.
   939 | D:5      | Entered Level 5 of the Dungeon
   980 | D:5      | Reached skill level 4 in Polearms
   980 | D:5      | Reached XP level 4. HP: 31/43 MP: 4/4
  1004 | D:5      | Found a snail-covered altar of Cheibriados.
  1018 | D:5      | XOM: vitrification
  1039 | D:5      | XOM: summons 4 friendly demons
  1060 | D:5      | Reached skill level 1 in Evocations
  1060 | D:5      | Reached XP level 5. HP: 46/50 MP: 5/5
  1060 | D:5      | XOM: polymorph crimson imp -> shadow imp
  1130 | D:5      | Fell from the grace of Xom
  1130 | D:5      | Became a worshipper of Cheibriados the Contemplative
  1208 | D:5      | Reached skill level 1 in Invocations
  1208 | D:5      | Reached XP level 6. HP: 13/57 MP: 5/7
  1252 | D:5      | Reached skill level 5 in Polearms
  1259 | D:5      | Was placed under penance by Cheibriados
  1266 | D:5      | Was forgiven by Cheibriados
  1278 | D:5      | Killed from afar by an orc priest

Vault maps used:
D:1:      dpeg_arrival_arbitrary_b
D:2:      grunt_temple_overflow_order_and_chaos_1, minmay_crystal_water
D:3:      nicolae_overflow_hidden_temple, okawaru_altar_gauntlet_db
D:4:      johnstein_pakellas_death_squad
D:5:      cheibrodos_worm_habitat, basic_altar, first_bread, lightli_minifort,
          uniq_duvessa

Action                   |  1- 3 |  4- 6 || total
-------------------------+-------+-------++-------
Melee: Spear             |    86 |    97 ||   183
 Abil: Spit Poison       |    13 |     5 ||    18
Evoke: Wand              |       |     1 ||     1
  Use: Scroll            |     1 |     4 ||     5
 Stab: Petrifying        |     1 |       ||     1
       Paralysed         |       |    10 ||    10
       Confused          |       |     2 ||     2
  Eat: Chunk             |     1 |     1 ||     2
